 Dungeon Crawl Stone Soup version 0.30.1-9-gdf580d7c3d (webtiles) character file.

Game seed: 9791627642388203327

263 Legs the Cudgeller (level 5, -1/48 HPs)
             Began as a Minotaur Berserker on Oct 15, 2023.
             Was a Priest of Trog.
             Slain by a gnoll
             ... wielding a +4 flail of venom
              (6 damage)
             ... on level 4 of the Dungeon.
             The game lasted 00:10:25 (2592 turns).

Legs the Cudgeller (Minotaur Berserker)             Turns: 2592, Time: 00:10:26

Health: -1/48      AC:  8    Str: 24    XL:     5   Next: 97%
Magic:  4/4        EV: 10    Int:  4    God:    Trog [***...]
Gold:   115        SH:  0    Dex:  9    Spells: 4/4 levels left

rFire   + . .        d - +6 club
rCold   . . .        (no shield)
rNeg    . . .        h - +0 scale mail
rPois   .            (helmet restricted)
rElec   .            g - scarf {+Inv}
rCorr   .            (no gloves)
SInv    +            t - +0 pair of boots
Will    .....        (no amulet) Stlth
                     u - ring of see invisible
HPRegen 0.28/turn    v - ring of protection from fire
MPRegen 0.09/turn

%: no passive effects
@: lethally poisoned (-1 -> -16)
A: horns 2, retaliatory headbutt
a: Renounce Religion, Evoke Invisibility, Berserk, Trog's Hand


You were on level 4 of the Dungeon.
You worshipped Trog.
Trog was most pleased with you.
You visited 1 branch of the dungeon, and saw 4 of its levels.

You collected 236 gold pieces.
You spent 121 gold pieces at shops.

Inventory:

Hand Weapons
 a - a +0 mace
 d - a +6 club (weapon)
 p - a +0 spectral long sword
 q - a +3 trident
 x - a +1 trident of protection
Missiles
 j - 3 javelins (quivered)
 l - 2 throwing nets
Armour
 g - a scarf of invisibility (worn)
 h - a +0 scale mail (worn)
 t - a +0 pair of boots (worn)
Jewellery
 u - a ring of see invisible (left hand)
 v - a ring of protection from fire (right hand)
Wands
 r - a wand of flame (9)
 y - a wand of charming (13)
Scrolls
 f - a scroll of silence {unknown}
 i - 5 scrolls of identify {unknown}
 k - a scroll of blinking {unknown}
 o - 2 scrolls of enchant weapon {unknown}
 s - 2 scrolls of teleportation {unknown}
Potions
 b - a potion of cancellation {unknown}
 c - a potion of mutation {unknown}
 e - 3 potions of brilliance {unknown}
 m - 2 potions of degeneration {unknown}
 n - a potion of curing {unknown}
 w - a potion of attraction {unknown}


   Skills:
 + Level 5.0 Fighting
 + Level 5.7 Maces & Flails
 + Level 4.1 Armour
 + Level 3.1 Dodging
 + Level 0.6 Stealth


You had 4 spell levels left.
You didn't know any spells.
Your spell library was empty.

Dungeon Overview and Level Annotations

Branches:
Dungeon (4/15)
 Temple: D:4-7

Altars:
Okawaru

Shops:
D:3 [


Innate Abilities, Weirdness & Mutations

You have a pair of horns on your head.
You reflexively headbutt those who attack you in melee.


Message History

Found a book of Burglary.
A gnoll comes into view. It is wielding a +4 flail of venom.
The gnoll shouts!
You hear a shout! x2
A gnoll comes into view. It is wielding a +0 spear.
Found a hand axe.
The gnoll shouts!
You hear an angry hiss.
A gnoll comes into view. It is wielding a +0 whip.
The gnoll shouts!
You hear a shout!
A quokka comes into view.
A gnoll comes into view. It is wielding a +0 club.
You hear an angry hiss.
You see here 3 scrolls labelled TOIRADOTUTH.
A goblin comes into view. It is wielding a +0 club.
The goblin shouts!
The gnoll barely misses you.
The goblin moves out of view.
You closely miss the gnoll.
An adder comes into view.
The gnoll hits you with a +4 flail of venom.
You are poisoned.
An iguana comes into view.
A quokka comes into view.
The iguana hisses angrily.
You hit the gnoll but do no damage.
You feel very sick.
The gnoll hits you with a +4 flail of venom.
You are more poisoned.
You feel very sick. The gnoll attacks as you move away!
The gnoll closely misses you.
You feel very sick. The gnoll attacks as you move away!
The gnoll hits you with a +4 flail of venom.
You are lethally poisoned!
You feel extremely sick. The gnoll attacks as you move away!
The gnoll barely misses you.
* * * LOW HITPOINT WARNING * * *
You feel very sick.
* * * LOW HITPOINT WARNING * * *
You feel very sick.
The gnoll throws a throwing net.
The throwing net barely misses you. The gnoll attacks as you move away!
The gnoll hits you with a +4 flail of venom.
You die...

..##..........##...#
............##.....
##...............#
##..............###
###...##(#.....#### .##
#....#..........#
...##.............#...#
........##.##..........#
........##@##...#......#
#......#.g###.###.....#
#...##rg## #.# ......
..#.....g.####.# ...
.......Sg...# .#
........g.#.....
.).##..l####..##
r......r. ....
..##..#... .#..


You could see an iguana, 4 gnolls, an adder, 2 quokkas and a goblin.

Vanquished Creatures
  Jessica (D:2)
  Terence (D:2)
  2 orc wizards
  6 adders
  2 worms (D:2)
  5 dart slugs
  10 orcs
  8 ball pythons
  2 endoplasms
  2 giant cockroaches (D:2)
  5 goblins
  7 hobgoblins
  4 jackals (D:3)
  4 quokkas
  7 bats
  3 frilled lizards
  12 kobolds
  3 rats (D:3)
84 creatures vanquished.

Notes
Turn   | Place    | Note
-------+----------+-------------------------------------------
     0 | D:1      | Legs the Minotaur Berserker began the quest for the Orb.
     0 | D:1      | Reached XP level 1. HP: 19/19 MP: 0/0
   101 | D:1      | You fall into a shaft and drop 1 floor!
   103 | D:2      | Noticed Jessica
   109 | D:2      | Killed Jessica
   110 | D:2      | Reached XP level 2. HP: 27/27 MP: 1/1
   110 | D:2      | Reached XP level 3. HP: 33/33 MP: 2/2
   824 | D:1      | Found a faded altar of an unknown god.
  1020 | D:2      | Noticed Terence
  1025 | D:2      | Killed Terence
  1026 | D:2      | Reached XP level 4. HP: 41/41 MP: 3/3
  1063 | D:2      | Reached ** piety under Trog
  1064 | D:2      | Reached skill level 5 in Maces & Flails
  1259 | D:2      | Reached XP level 5. HP: 46/47 MP: 4/4
  1393 | D:3      | Found an iron altar of Okawaru.
  1743 | D:3      | Found Desac's Antique Armour Emporium.
  1776 | D:3      | Bought a pair of boots for 121 gold pieces
  1868 | D:3      | Reached skill level 5 in Fighting
  2474 | D:3      | Reached *** piety under Trog
  2592 | D:4      | Slain by a gnoll

Illustrated notes

Levels and vault maps discovered:
D:1:      evilmike_arrival_fibonacci_small, layout_loops_corners,
          ebering_ecumenical_altar_hall
D:2:      layout_rooms, st_stairs_6, uniq_jessica, uniq_terence
D:3:      layout_basic, hellmonk_okawaru_the_only_friend_you_need, serial_shops,
          shop, minmay_quadrilaterals
D:4:      layout_rooms, minmay_temple_entry_purple_smoke,
          minmay_fractal_squares_diagonal_5, uniq_blork_the_orc

Skill      XL: |  1  2  3  4  5 |
---------------+----------------+-----
Fighting       | 4 5 |  5.0
Maces & Flails | 4 5 |  5.7
Armour         | 3 4 |  4.1
Dodging        | 3 |  3.1
Stealth        | |  0.6

Action                     |  1- 3 |  4- 6 || total
---------------------------+-------+-------++-------
  Melee: Mace              |     6 |       ||     6
         Headbutt          |     7 |    11 ||    18
         Club              |    35 |   109 ||   144
         Punch             |       |     2 ||     2
 Invoke: Berserk           |     2 |     2 ||     4
         Trog's Hand       |       |     1 ||     1
   Stab: Sleeping          |     1 |       ||     1
 Armour: Animal skin       |     7 |       ||     7
         Ring mail         |     4 |       ||     4
         Scale mail        |       |    46 ||    46
  Dodge: Dodged            |    30 |    66 ||    96
